 Dungeon Crawl Stone Soup version 0.32-a0-779-g362cfcae2a (webtiles) character file.

Game seed: 12261943452806571131

68 kae the Slasher (level 4, -1/33 HPs)
             Began as a Coglin Gladiator on Mar 19, 2024.
             Splashed by a jelly's acid (10 damage)
             ... on level 3 of the Dungeon.
             The game lasted 00:01:14 (1344 turns).

kae the Slasher (Coglin Gladiator)                  Turns: 1344, Time: 00:01:15

Health: -1/33      AC: -4    Str: 14    XL:     4   Next: 19%
Magic:  4/4        EV: 11    Int:  8    God:
Gold:   34         SH:  0    Dex: 17    Spells: 3/3 levels left

rFire   . . .        a - +1 long sword {Natsumi}
rCold   . . .        f - +0 dagger {Simosihle}
rNeg    . . .        b - +0 leather armour
rPois   .            c - +0 helmet
rElec   .            (no cloak)
rCorr   .            (no gloves)
SInv    .            (no boots)
Will    .....        (amulet unavailable)
Stlth   +            (ring unavailable)
HPRegen 0.25/turn    (ring unavailable)
MPRegen 0.09/turn    (no gizmo)

%: no passive effects
@: confused, ambrosia-drunk, corroded
A: off-hand wielding, slow wielding, warmup strikes, no jewellery
a: Invent Gizmo


You were on level 3 of the Dungeon.
You visited 1 branch of the dungeon, and saw 3 of its levels.

You collected 34 gold pieces.


Innate Abilities, Weirdness & Mutations

You can wield a second weapon in your off-hand.
It takes a long time for you to wield or remove held weapons.
Your first few attacks do less damage.
You cannot equip rings or amulets.


   Skills:
 - Level 2.0 Fighting
 + Level 4.9 Long Blades
 - Level 1.7 Throwing
 - Level 2.6 Dodging


You had 3 spell levels left.
You didn't know any spells.
Your spell library contained the following spells:

 Spells                   Type           Power      Damage    Failure   Level
 Apportation              Tloc           0%         N/A       50%         1
 Foxfire                  Conj/Fire      0%         2x1d4     50%         1
 Freeze                   Ice            0%         1d3       50%         1
 Necrotise                Necr           0%         1d4       50%         1
 Sting                    Conj/Alch      0%         1d3       50%         1
 Summon Small Mammal      Summ           0%         N/A       50%         1
 Frozen Ramparts          Ice            0%         1d1       86%         3
 Hailstorm                Conj/Ice       0%         3d5       86%         3
 Plasma Beam              Fire/Air       0%         2x1d10    100%        6
 Starburst                Conj/Fire      0%         6d3       100%        6

Inventory:

Hand Weapons
 a - a +1 long sword (weapon) {Natsumi}
 f - a +0 dagger (offhand) {Simosihle}
Missiles
 d - 5 throwing nets (quivered) {=f!f}
 e - 3 javelins
 g - 6 poisoned darts
 k - 11 stones
Armour
 b - a +0 leather armour (worn)
 c - a +0 helmet (worn)
Jewellery
 I - a +6 ring of intelligence
   (You found it on level 1 of the Dungeon)
 S - a +6 ring of strength
   (You found it on level 2 of the Dungeon)
Scrolls
 o - 2 scrolls of teleportation {@r4}
 p - a scroll of identify {@r1}
Potions
 h - a potion of curing {unknown}
 i - 5 potions of enlightenment
 j - a potion of might {unknown}
 m - 2 potions of magic
 n - a potion of heal wounds {unknown}

Dungeon Overview and Level Annotations

Branches:
Dungeon (3/15) Zot: 16652

Altars:

Annotations:
D:2 Terence

...ß.#ß#.ß..#..#.#
.....#.#....#.##.#
....#.#.#.....##.#
##.#############.#
#.# #.# #.# #.#
..# #.# ..# #.#
#@# #######J#
###.....rg#
.........?#
........w.#
###..........
#.......####
.........#
.##.......#


You could see a jelly, a dart slug, a quokka and a hobgoblin.


Message History

No target in view!
No target in view!
No target in view!
You see here a bat corpse.
You now have 29 gold pieces (gained 13).
A quokka comes into view.
You hit the quokka but do no damage.
You hit the quokka with your +1 long sword.
You kill the quokka!
You see here a quokka corpse.
m - 2 potions of magic (gained 1)
e - 3 javelins (gained 2)
You now have 34 gold pieces (gained 5).
An orc comes into view. It is wielding a +0 flail.
An orc is nearby!
A goblin comes into view. It is wielding a +0 club.
The orc shouts!
There are monsters nearby!
The goblin shouts!
The orc barely misses you.
You barely miss the orc with your +0 dagger.
You hit the orc with your +1 long sword.
The orc barely misses you. The goblin hits you with a +0 club.
You barely miss the orc with your +0 dagger.
You barely miss the orc with your +1 long sword.
The orc hits you with a +0 flail.
The goblin completely misses you. 😕 HP[-5]
You take 5 damage, and now have 28/33 hp.
You completely miss the orc with your +0 dagger.
You closely miss the orc with your +1 long sword.
The orc hits you with a +0 flail. The goblin barely misses you.
You closely miss the orc with your +1 long sword.
You closely miss the orc with your +0 dagger.
The orc hits you with a +0 flail.
The goblin hits you but does no damage. 😮 HP[-6]
You take 6 damage, and now have 22/33 hp.
You are too injured to fight recklessly!
You are too injured to fight recklessly!
You are too injured to fight recklessly!
You are too injured to fight recklessly!
Unknown command.
You slash the orc with your +1 long sword!
You kill the orc!
The goblin barely misses you.
Unknown command.
You closely miss the goblin with your +1 long sword.
You hit the goblin but do no damage. The goblin hits you but does no damage.
You hit the goblin with your +0 dagger.
You barely miss the goblin with your +1 long sword.
The goblin hits you with a +0 club.
You hit the goblin with your +0 dagger.
You kill the goblin!
Things that are here:
a +0 club; a goblin corpse You see here a +0 flail.
A giant cockroach comes into view. 😎 HP[+11]
Your hp is fully restored (33).
A giant cockroach is nearby!
A giant cockroach is nearby!
A giant cockroach is nearby!
You closely miss the giant cockroach with your +0 dagger.
You slash the giant cockroach with your +1 long sword!
You kill the giant cockroach!
No target in view!
You see here a giant cockroach corpse.
Found a stone staircase leading down.
No target in view!
No target in view!
p - a scroll of identify {@r1} No target in view!
No target in view!
A jelly comes into view.
A jelly is nearby!
A hobgoblin and a quokka come into view.
The hobgoblin shouts!
A dart slug comes into view.
There are monsters nearby!
The quokka barely misses you.
You slash the jelly with your +1 long sword!
The acid corrodes you!
Your graspers burn!
You hit the jelly but do no damage.
Your graspers burn!
The jelly hits you.
You are splashed with acid.
The quokka bites you. 😮 HP[-14]
You take 14 damage, and now have 19/33 hp.
MASSIVE DAMAGE!! (PAUSE)
The jelly attacks as it pursues you! The jelly barely misses you.
The jelly attacks as it pursues you! The jelly hits you. The acid corrodes you!
You are splashed with acid!
* * * LOW HITPOINT WARNING * * *
😱 HP[-11]
You take 11 damage, and now have 8/33 hp.
MASSIVE DAMAGE!! (PAUSE)
Okay, then.
It was a potion of ambrosia.
You are confused.
You feel invigorated. The jelly hits you.
* * * LOW HITPOINT WARNING * * *
You are splashed with acid!
You die...

Skill      XL: |  1  2 |
---------------+-------+-----
Long Blades    | 4 |  4.9
Fighting       | |  2.0
Throwing       | |  1.7
Dodging        | |  2.6

Action                     |  1- 3 |  4- 6 || total
---------------------------+-------+-------++-------
  Melee: Long sword        |    76 |    18 ||    94
         Dagger            |    64 |    15 ||    79
    Use: Scroll            |     6 |       ||     6
         Potion            |       |     1 ||     1
   Stab: Sleeping          |     2 |       ||     2
 Armour: Leather armour    |    33 |    18 ||    51
  Dodge: Dodged            |    35 |    14 ||    49

Levels and vault maps discovered:
D:1:      spicycebolla_arrival_ecumenical, layout_rooms
D:2:      layout_basic, uniq_terence
D:3:      layout_loops_ring, nicolae_twisty_statue_hallways

Notes
Turn   | Place    | Note
-------+----------+-------------------------------------------
     0 | D:1      | kae the Coglin Gladiator began the quest for the Orb.
     0 | D:1      | Reached XP level 1. HP: 16/16 MP: 1/1
     0 | D:1      | magus.rc [v1.11.3]
    61 | D:1      | You pick up a book of Frost and begin reading...
    61 | D:1      | You add the spells Freeze, Frozen Ramparts and Hailstorm to
                  | your library.
    71 | D:1      | Reached XP level 2. HP: 21/22 MP: 2/2
   110 | D:1      | You pick up a book of Cantrips and begin reading...
   110 | D:1      | You add the spells Sting, Necrotise, Summon Small Mammal
                  | and Apportation to your library.
   192 | D:1      | Reached skill level 4 in Long Blades
   225 | D:1      | Reached XP level 3. HP: 26/27 MP: 3/3
   475 | D:2      | You pick up a book of Fire and begin reading...
   475 | D:2      | You add the spells Foxfire, Plasma Beam and Starburst to
                  | your library.
   709 | D:2      | Reached XP level 4. HP: 33/33 MP: 4/4
  1024 | D:2      | Noticed Terence
  1342 | D:3      | HP: 8/33 [acid (10)]
  1344 | D:3      | Splashed by a jelly's acid

Vanquished Creatures
  An adder (D:2)
  A dart slug (D:1)
  2 ribbon worms (D:2)
  An orc (D:3)
  5 ball pythons
  4 endoplasms
  2 giant cockroaches
  2 goblins
  4 hobgoblins
  2 jackals (D:1)
  4 quokkas
  6 bats
  3 frilled lizards (D:1)
  7 kobolds
  7 rats
51 creatures vanquished.

Table legend:
 A = Non-vault XP
 B = Vault XP
 C = Vault XP percentage of total XP
 D = Non-vault monster count
 E = Vault monster count
 F = Vault count percentage of total count
                 A         B        C        D         E       F
            +---------+---------+-------+---------+---------+-------
      Total |      98 |       0 |   0.0 |      51 |       0 |   0.0
            +---------+---------+-------+---------+---------+-------
        D:1 |      42 |       0 |   0.0 |      25 |       0 |   0.0
        D:2 |      46 |       0 |   0.0 |      21 |       0 |   0.0
        D:3 |      10 |       0 |   0.0 |       5 |       0 |   0.0
            +---------+---------+-------+---------+---------+-------

Skill      XL: |  1  2 |
---------------+-------+-----
Long Blades    | 4 |  4.9
Fighting       | |  2.0
Throwing       | |  1.7
Dodging        | |  2.6

Action                     |  1- 3 |  4- 6 || total
---------------------------+-------+-------++-------
  Melee: Long sword        |    76 |    18 ||    94
         Dagger            |    64 |    15 ||    79
    Use: Scroll            |     6 |       ||     6
         Potion            |       |     1 ||     1
   Stab: Sleeping          |     2 |       ||     2
 Armour: Leather armour    |    33 |    18 ||    51
  Dodge: Dodged            |    35 |    14 ||    49

Illustrated notes

Table legend:
 A = Kills in this place as a percentage of kills in the entire game.
 B = Kills by you in this place as a percentage of kills by you in the entire game.
 C = Kills by friends in this place as a percentage of kills by friends in the entire game.
 D = Other kills in this place as a percentage of other kills in the entire game.
 E = Experience gained in this place as a percentage of experience gained in the entire game.
 F = Experience gained in this place divided by the number of levels of this place that you have seen.
                   A       B       C       D       E      F
               +-------+-------+-------+-------+-------+----------------------
         Total | 100.0 | 100.0 |   N/A |   N/A | 100.0 |  32.7
       Dungeon | 100.0 | 100.0 |   N/A |   N/A | 100.0 |  32.7
               +-------+-------+-------+-------+-------+----------------------

Table legend: (Time is in decaauts)
 A = Elapsed time spent in this place.
 B = Non-inter-level travel time spent in this place.
 C = Inter-level travel time spent in this place.
 D = Time resting spent in this place.
 E = Time spent auto-exploring this place.
 F = Levels seen in this place.
 G = Mean time per level.
                   A        B        C        D        E       F      G
               +--------+--------+--------+--------+--------+-----+--------+
         Total |   1346 |   1271 |     75 |      0 |   1011 |   3 |  448.7 |
       Dungeon |   1346 |   1271 |     75 |      0 |   1011 |   3 |  448.7 |
               +--------+--------+--------+--------+--------+-----+--------+

Top non-repeatable levels by time:
     D:2: 617 daAuts
     D:1: 453 daAuts
     D:3: 275 daAuts
